 Dungeon Crawl Stone Soup version 0.28.0-49-g6dfe1f597d (webtiles) character file.

Game seed: 17511040327784880421

0 Zeld the Skirmisher (level 1, -3/20 HPs)
             Began as a Djinni Cinder Acolyte on May 14, 2022.
             Was a High Priest of Ignis.
             Slain by a kobold
             ... wielding a +2 whip of electrocution
              (16 damage)
             ... on level 1 of the Dungeon.
             The game lasted 00:00:15 (147 turns).

Zeld the Skirmisher (Djinni Cinder Acolyte)          Turns: 147, Time: 00:00:17

Health: -3/20      AC:  2    Str: 13    XL:     1   Next: 11%
Gold:   0          EV: 11    Int: 15    God:    Ignis [*****.] SH:  0 Dex:  8

rFire   + + +      SeeInvis .   a - -1 falchion (flame)
rCold   x . .      Faith    .   (no shield)
rNeg    . . .      Spirit   .   b - +0 robe
rPois   ∞          Reflect  .   (no helmet)
rElec   .          Harm     .   (no cloak)
rCorr   .          Rampage  .   (no gloves)
Will    .....                   (boots unavailable)
Stlth   +.........              (no amulet)
HPRegen 0.06/turn               (no ring)
MPRegen 0.00/turn               (no ring)

@: flying
A: sickness immunity, fire resistance 2, cold vulnerability 1, float, innate
caster, HP casting, extra vitality 1
a: Renounce Religion, Fiery Armour, Foxfire Swarm, Rising Flame


You were on level 1 of the Dungeon.
You worshipped Ignis.
Ignis was extremely pleased with you.
You visited 1 branch of the dungeon, and saw 1 of its levels.

Inventory:

Hand Weapons
 a - a -1 falchion of flaming (weapon)
Armour
 b - a +0 robe (worn)
Potions
 c - a potion of attraction {unknown}


   Skills:
 + Level 3.0 Fighting
 * Level 2.7 Long Blades
 + Level 0.0 Dodging
 + Level 0.0 Stealth
 * Level 2.4 Spellcasting


You had 2 spell levels left.
You knew the following spells:

 Your Spells              Type           Power      Damage    Failure   Level
a - Scorch                Fire           18%        2d6       12%         2
Your spell library was empty.

Dungeon Overview and Level Annotations

Branches:
Dungeon (1/15)

Altars:


Innate Abilities, Weirdness & Mutations

You are immune to sickness and miasma.
You are immune to poison.
Your flesh is very heat resistant. (rF++)
You are vulnerable to cold. (rC-)
You float through the air rather than walking.
You learn spells naturally, not from books.
Your magical power is your life essence.
You have superior vitality. (+4 MHP)


Message History

c - a metallic coppery potion A rat comes into view.
A rat is nearby!
A rat is nearby!
Casting: Scorch (safe; 12% risk of failure)
Confirm with . or Enter, or press ? or * to list all spells.
You aren't experienced enough to cast this spell.
You hit the rat but do no damage. The rat bites you.
You hit the rat. You burn the rat.
You kill the rat!
No target in view!
No target in view!
You see here a rat corpse.
HP restored.
Found a stone staircase leading down.
No target in view!
No target in view!
There is a stone staircase leading down here.
There is a stone staircase leading down here.
Found a pair of gloves.
No target in view!
No target in view!
You see here 5 boomerangs.
An endoplasm comes into view.
An endoplasm is nearby!
An endoplasm is nearby!
An endoplasm is nearby!
A kobold comes into view.
It is wielding a +2 whip of electrocution.
Found 2 glowing dark potions.
The endoplasm barely misses you.
You hit the endoplasm. You burn the endoplasm.
The endoplasm is moderately wounded.
The endoplasm closely misses you.
You hit the endoplasm but do no damage.
The endoplasm is moderately wounded.
The endoplasm freezes you.
You are frozen.
You feel a terrible chill!
The kobold hits you with a +2 whip of electrocution.
You are electrocuted!
Ouch! That really hurt!
You die...

#.#≈...≈#.#..# ..P..
##.≈≈≈≈≈.##..###.###
#.#.#.#.#(#....#P#..
###.#.#.#.##.####P#.#
##..#.#.#.#...# b.#.#
..#.#.#.#.#..## P#.#
##.#..#.###...# P#.#
#####...##.# ###.#
P#.# ......J@...# #.#
.#.# ###...K##..# ###
.### #.... ...#
#......##.## ..#..#.
#.# ...!... #.# ....
.. ..# ..#. #. ...


You could see an endoplasm and a kobold.

Vanquished Creatures
  A rat (D:1)
1 creature vanquished.

Notes
Turn   | Place    | Note
-------+----------+-------------------------------------------
     0 | D:1      | Zeld the Djinni Cinder Acolyte began the quest for the Orb.
     0 | D:1      | Reached XP level 1. HP: 20/20 MP: 0/0
   147 | D:1      | Slain by a kobold

Illustrated notes

Levels and vault maps discovered:
D:1:      ncdulo_watergridlock, layout_loops_cross, serial_aquarium,
          aquarium_bridge_long_joined [aquarium_subvault_wall,
          aquarium_subvault_window, aquarium_subvault_wall,
          aquarium_subvault_balcony, aquarium_subvault_wall,
          aquarium_subvault_bridge], aquarium_window_1, aquarium_window_2,
          aquarium_window_fake, aquarium_view_2b, aquarium_pool_side

Action                   || total
-------------------------++-------
Melee: Falchion          ||     4
Dodge: Dodged            ||     2
